 Dungeon Crawl Stone Soup version 0.31-a0-43-g46d131a48f (webtiles) character file.

Game seed: 5691406986214559024

53 IdlyInterested the Cudgeller (level 3, -5/29 HPs)
             Began as a Demonspawn Wanderer on May 18, 2023.
             Slain by a gnoll
             ... wielding a +0 flail
              (6 damage)
             ... on level 2 of the Dungeon.
             The game lasted 00:03:19 (1006 turns).

IdlyInterested the Cudgeller (Demonspawn Wanderer)  Turns: 1006, Time: 00:03:20

Health: -5/29      AC:  4    Str: 16    XL:     3   Next: 64%
Magic:  4/4        EV: 11    Int: 13    God:
Gold:   73         SH:  0    Dex: 10    Spells: 3/4 levels left

rFire   . . .        a - +2 mace
rCold   + . .        (no shield)
rNeg    . . .        d - +0 leather armour
rPois   .            (no helmet)
rElec   .            l - +0 cloak
rCorr   .            (no gloves)
SInv    .            (no boots)
Will    .....        (no amulet)
Stlth   +            g - +4 ring of slaying
HPRegen 0.24/turn    i - ring of protection from cold
MPRegen 0.09/turn

%: no passive effects
@: no status effects
A: claws 1, powered by death 1
a: no special abilities


You were on level 2 of the Dungeon.
You visited 1 branch of the dungeon, and saw 2 of its levels.

You collected 73 gold pieces.

Inventory:

Hand Weapons
 a - a +2 mace (weapon)
Missiles
 e - 10 stones
Armour
 d - a +0 leather armour (worn)
 l - a +0 cloak (worn)
Jewellery
 g - a +4 ring of slaying (left claw)
 i - a ring of protection from cold (right claw)
Wands
 b - a wand of polymorph (6)
Scrolls
 c - a scroll of fear
 f - a scroll of fog
 h - a scroll of silence {unknown}
 m - 2 scrolls of identify {unknown}
 n - a scroll of poison {unknown}
Potions
 j - a potion of heal wounds {unknown}
 k - a potion of ambrosia {unknown}


   Skills:
 * Level 3.0 Fighting
 - Level 3.6 Maces & Flails
 - Level 1.0 Armour
 - Level 1.0 Dodging
 - Level 1.0 Stealth
 * Level 0.0 Unarmed Combat
 - Level 1.0 Spellcasting
 - Level 1.0 Translocations
 - Level 2.0 Evocations


You had 3 spell levels left.
You knew the following spells:

 Your Spells              Type           Power      Damage    Failure   Level
a - Apportation           Tloc           6%         N/A       22%         1

Your spell library contained the following spells:

 Spells                   Type           Power      Damage    Failure   Level
 Portal Projectile        Hex/Tloc       2%         N/A       63%         3


Dungeon Overview and Level Annotations

Branches:
Dungeon (2/15)

Altars:


Innate Abilities, Weirdness & Mutations

You have sharp fingernails.
You regenerate a little health from kills.


Message History

A gnoll comes into view. It is wielding a +0 flail.
A gnoll comes into view.
It is wielding a +2 whip of electrocution.
The gnoll shouts! x2
The gnoll hits you from afar with a +2 heavy spear!
The gnoll throws a throwing net.
The throwing net hits you.
You become entangled in the net!
You see here a throwing net.
You tear a large gash into the net.
You shred the net and break free! You sock the gnoll!
You kill the gnoll!
The gnoll hits you from afar with a +2 heavy spear.
The gnoll hits you with a +2 whip of electrocution.
Training target 1.0 for Dodging reached!
Your Fighting skill increases to level 3!
Your Dodging skill increases to level 1!
The gnoll closely misses you.
The gnoll hits you with a +2 whip of electrocution.
You see here a +0 club.
You sock the gnoll!
The gnoll is severely wounded.
The gnoll closely misses you.
You barely miss the gnoll.
The gnoll is severely wounded.
The gnoll hits you with a +2 heavy spear.
The gnoll hits you with a +2 whip of electrocution.
* * * LOW HITPOINT WARNING * * *
You closely miss the gnoll.
The gnoll is severely wounded.
The gnoll hits you with a +2 heavy spear.
* * * LOW HITPOINT WARNING * * *
You closely miss the gnoll.
The gnoll is severely wounded.
The gnoll misses you.
The gnoll hits you with a +2 heavy spear.
* * * LOW HITPOINT WARNING * * *
You hit the gnoll.
The gnoll is almost dead.
The gnoll hits you with a +0 flail.
You die...

.........#####.#.)..#
...............####.#
..........##### .#
..#.......# .# .
##......# .# ###...##
.. ##..#.># ..
##gg###g.# .. #g@##
#g# #.## ... ...#
.... ....## ...
.....# ..... .....
..8.


You could see 3 gnolls.

Vanquished Creatures
  A gnoll (D:2)
  An adder (D:2)
  5 endoplasms
  A giant cockroach (D:2)
  4 goblins
  2 hobgoblins (D:1)
  3 kobolds
  A quokka (D:1)
  5 ball pythons
  3 bats
  2 frilled lizards (D:1)
  6 rats
34 creatures vanquished.

Notes
Turn   | Place    | Note
-------+----------+-------------------------------------------
     0 | D:1      | IdlyInterested the Demonspawn Wanderer began the quest for
                  | the Orb.
     0 | D:1      | IdlyInterested set off with the following items: a +2 mace,
                  | a wand of polymorph (6), a scroll of fear, a +0 leather
                  | armour; and the following spell memorised: Apportation; and
                  | the following spells available to memorise: Portal
                  | Projectile.
     0 | D:1      | Reached XP level 1. HP: 15/15 MP: 2/2
   122 | D:1      | Gained mutation: You regenerate a little health from kills.
                  | [demonic ancestry]
   122 | D:1      | Reached XP level 2. HP: 2/22 MP: 3/3
   130 | D:1      | HP: 1/22 [frozen (4)]
   273 | D:1      | Reached skill level 1 in Armour
   906 | D:2      | Gained mutation: You have sharp fingernails. [demonic
                  | ancestry]
   906 | D:2      | Reached XP level 3. HP: 27/28 MP: 4/4
  1001 | D:2      | Reached skill level 1 in Dodging
  1005 | D:2      | HP: 1/29 [gnoll/+2 heavy spear (2)]
  1006 | D:2      | Slain by a gnoll

Illustrated notes

Levels and vault maps discovered:
D:1:      spicycebolla_arrival_xxxplode, layout_loops_ring, minmay_vboxes
D:2:      wad_pebble_path, layout_basic, hellmonk_ecumenical_altar_lost_god

Skill      XL: |  1  2  3 |
---------------+----------+-----
Fighting       | 2 3 |  3.0
Armour         | 1 |  1.0
Dodging        | 1 |  1.0
Maces & Flails | |  3.6
Stealth        | |  1.0
Spellcasting   | |  1.0
Translocations | |  1.0
Evocations     | |  2.0

Action                     || total
---------------------------++-------
  Melee: Mace              ||    84
    Use: Scroll            ||     1
   Stab: Sleeping          ||     2
 Armour: Leather armour    ||    37
  Dodge: Dodged            ||    68

Table legend: (Time is in decaauts)
 A = Elapsed time spent in this place.
 B = Non-inter-level travel time spent in this place.
 C = Inter-level travel time spent in this place.
 D = Time resting spent in this place.
 E = Time spent auto-exploring this place.
 F = Levels seen in this place.
 G = Mean time per level.
                   A        B        C        D        E       F      G
               +--------+--------+--------+--------+--------+-----+--------+
         Total |   1023 |    954 |     69 |    124 |    527 |   2 |  511.5 |
       Dungeon |   1023 |    954 |     69 |    124 |    527 |   2 |  511.5 |
               +--------+--------+--------+--------+--------+-----+--------+

Top non-repeatable levels by time:
     D:1: 898 daAuts
     D:2: 124 daAuts
